 Dungeon Crawl Stone Soup version 0.30-a0-1114-gd936c97349 (webtiles) character file.

Game seed: 12881599185829401957

56 Newt the Trooper (level 3, 0/30 HPs)
             Began as a Demonspawn Gladiator on Apr 20, 2023.
             Slain by an iguana (10 damage)
             ... on level 3 of the Dungeon.
             The game lasted 00:01:38 (1791 turns).

Newt the Trooper (Demonspawn Gladiator)             Turns: 1791, Time: 00:01:39

Health: 0/30       AC:  4    Str: 16    XL:     3   Next: 69%
Magic:  3/3        EV: 12    Int:  9    God:
Gold:   106        SH:  0    Dex: 14    Spells: 2/2 levels left

rFire   . . .      SeeInvis .    n - +0 dagger (freeze)
rCold   . . .      Faith    .    (no shield)
rNeg    . . .      Spirit   .    b - +0 leather armour
rPois   .          Reflect  .    c - +0 helmet
rElec   .          Rampage  .    (no cloak)
rCorr   .                        (no gloves)
Will    .....                    (no boots)
Stlth   +                        (no amulet)
HPRegen 0.25/turn                (no ring)
MPRegen 0.08/turn                (no ring)

@: no status effects
A: spiny 1
a: no special abilities


You were on level 3 of the Dungeon.
You visited 1 branch of the dungeon, and saw 3 of its levels.

You collected 106 gold pieces.

Inventory:

Hand Weapons
 a - a +1 rapier
 n - a +0 dagger of freezing (weapon)
Missiles
 d - a throwing net
 e - a javelin
 f - 2 boomerangs (quivered)
 r - 3 poisoned darts
Armour
 b - a +0 leather armour (worn)
 c - a +0 helmet (worn)
Potions
 g - a potion of magic
 h - 2 potions of heal wounds
 i - a potion of lignification {unknown}
 j - a potion of flight
 k - a potion of berserk rage {unknown}
 l - a potion of curing {unknown}
 m - a potion of degeneration {unknown}
 o - a potion of haste {unknown}
 p - a potion of might {unknown}


   Skills:
 - Level 4.0 Fighting
 - Level 2.6 Short Blades
 + Level 2.0 Throwing
 - Level 2.6 Dodging


You had 2 spell levels left.
You didn't know any spells.
Your spell library contained the following spells:

 Spells                   Type           Power      Damage    Failure   Level
 Beastly Appendage        Tmut           0%         N/A       45%         1
 Kiss of Death            Conj/Necr      0%         2d5       45%         1
 Slow                     Hex            0%         N/A       45%         1
 Wereblood                Tmut           0%         N/A       58%         2
 Confusing Touch          Hex            0%         N/A       83%         3
 Inner Flame              Hex/Fire       0%         N/A       83%         3
 Spider Form              Tmut/Pois      0%         N/A       83%         3
 Tukima's Dance           Hex            0%         N/A       83%         3
 Vampiric Draining        Necr           0%         2d6       83%         3
 Dispel Undead            Necr           0%         3d6       99%         4
 Flame Wave               Conj/Fire      0%         2d4       99%         4
 Passage of Golubria      Tloc           0%         N/A       99%         4
 Sticky Flame             Conj/Fire      0%         2d3       99%         4
 Yara's Violent Unravell  Hex/Tmut       0%         3d3       100%        5


Dungeon Overview and Level Annotations

Branches:
Dungeon (3/15)

Altars:

Shops:
D:3 *


Innate Abilities, Weirdness & Mutations

You are partially covered in sharp spines.


Message History

Unknown command.
Throw: 3 throwing nets
Press: ? - help, Shift-Dir - straight line, f - iguana
Aim: an iguana (heavily wounded, 65% to hit)
You throw a throwing net.
The throwing net closely misses the iguana.
The iguana bites you.
* * * LOW HITPOINT WARNING * * *
Throw: 2 throwing nets
Press: ? - help, Shift-Dir - straight line, f/p - iguana
Aim: an iguana (heavily wounded, 65% to hit)
You throw a throwing net. The throwing net hits the iguana.
The iguana is caught in the net!
The iguana is heavily wounded.
The iguana struggles against the net.
You hit the iguana but do no damage.
The iguana is heavily wounded.
The iguana struggles against the net.
You barely miss the iguana.
The iguana is heavily wounded.
You hit the iguana. You freeze the iguana.
The iguana is severely wounded.
The iguana struggles against the net.
You hit the iguana but do no damage. You punch the iguana, but do no damage.
The iguana is severely wounded.
The iguana struggles against the net.
The net rips apart, and the iguana comes free!
You hit the iguana but do no damage.
The iguana is severely wounded.
The iguana barely misses you.
You barely miss the iguana.
The iguana is severely wounded.
The iguana is struck by your spines. The iguana barely misses you.
You barely miss the iguana.
The iguana is almost dead.
The iguana barely misses you.
You hit the iguana but do no damage.
The iguana is almost dead.
The iguana bites you!
You die...

..#)...####
..................>...##
....######.......#?......
##......##.......#....#.#
##......##.......#.......
#.......##.......#.......
#.......##.......#....##.
#.......##...............
.....#####(....l@..#
#....# #.#.#.###.#####.#
#....# #.#.........#
#.... .. #.#.#'####### #
#.... ...#......####....
..... ...#......'....#
##### ###........######
... ....<.....# ....#
###........#


You could see an iguana.

Vanquished Creatures
  2 adders
  A dart slug (D:2)
  3 endoplasms
  A giant cockroach (D:2)
  3 goblins
  6 hobgoblins
  2 kobolds
  3 ball pythons
  5 bats
  5 frilled lizards
  5 rats
36 creatures vanquished.

Notes
Turn   | Place    | Note
-------+----------+-------------------------------------------
     0 | D:1      | Newt the Demonspawn Gladiator began the quest for the Orb.
     0 | D:1      | Reached XP level 1. HP: 16/16 MP: 1/1
   687 | D:1      | Found a faded altar of an unknown god.
   700 | D:1      | Gained mutation: You are partially covered in sharp spines.
                  | [demonic ancestry]
   700 | D:1      | Reached XP level 2. HP: 23/23 MP: 2/2
   859 | D:1      | Reached skill level 3 in Fighting
  1164 | D:2      | Reached XP level 3. HP: 27/29 MP: 3/3
  1447 | D:3      | Found Pibo's Assorted Antiques.
  1666 | D:3      | Reached skill level 4 in Fighting
  1791 | D:3      | Slain by an iguana

Illustrated notes

Levels and vault maps discovered:
D:1:      dpeg_cavernosity, layout_basic, ebering_ecumenical_altar_mist,
          chequers_serial_rivers_micro_a
D:2:      layout_rooms, minmay_misc_feat_rugged
D:3:      layout_basic, serial_shops, shop, amcnicky_mini_corridor_feature

Skill      XL: |  1  2  3 |
---------------+----------+-----
Fighting       | 3 4 |  4.0
Throwing       | 2 |  2.0
Short Blades   | |  2.6
Dodging        | |  2.6

Action                     || total
---------------------------++-------
  Melee: Rapier            ||    92
         Punch             ||     2
         Dagger            ||    21
  Throw: Throwing net      ||     2
    Use: Scroll            ||     6
         Potion            ||     2
   Stab: Sleeping          ||     1
 Armour: Leather armour    ||    30
  Dodge: Dodged            ||    60

Table legend: (Time is in decaauts)
 A = Elapsed time spent in this place.
 B = Non-inter-level travel time spent in this place.
 C = Inter-level travel time spent in this place.
 D = Time resting spent in this place.
 E = Time spent auto-exploring this place.
 F = Levels seen in this place.
 G = Mean time per level.
                   A        B        C        D        E       F      G
               +--------+--------+--------+--------+--------+-----+--------+
         Total |   1794 |   1735 |     59 |    173 |   1292 |   3 |  598.0 |
       Dungeon |   1794 |   1735 |     59 |    173 |   1292 |   3 |  598.0 |
               +--------+--------+--------+--------+--------+-----+--------+

Top non-repeatable levels by time:
     D:1: 988 daAuts
     D:2: 410 daAuts
     D:3: 395 daAuts
